 Dungeon Crawl Stone Soup version 0.17-a0-755-g4391640 (webtiles) character file.

2457 SosiskaBagetyon the Carver (level 9, -1/63 HPs)
             Began as a Hill Orc Fighter on Apr 22, 2015.
             Was a Follower of Beogh.
             Slain by an orc warrior
             ... wielding a +0 battleaxe of chopping
              (2 damage)
             ... on level 6 of the Dungeon.
             The game lasted 00:20:34 (6832 turns).

SosiskaBagetyon the Carver (Hill Orc Fighter)       Turns: 6832, Time: 00:20:35

Health: -1/63      AC: 10    Str: 19    XL:     9   Next: 50%
Magic:  0/8        EV:  5    Int:  8    God:    Beogh [*.....]
Gold:   290        SH: 10    Dex: 13    Spells: 0 memorised, 8 levels left

rFire  . . .     SeeInvis .     a - +0 long sword
rCold  . . .     Clarity  .     C - +0 chain mail
rNeg   . . .     SustAb   .     c - +0 shield
rPois  .         Gourm    .     o - +1 helmet
rElec  .         Spirit   .     (no cloak)
rCorr  .         Warding  .     (no gloves)
rMut   .         Stasis   .     (no boots)
MR     .....                    (no amulet)
Stlth  ..........               (no ring)
                                (no ring)

@: not resistant to hostile enchantments, extremely unstealthy
A: yellow scales 1, deformed body, frail 1, low mp 1
a: Renounce Religion


You were on level 6 of the Dungeon.
You worshipped Beogh.
Beogh was aware of your devotion.
You were very hungry.

You visited 1 branch of the dungeon, and saw 6 of its levels.

You collected 290 gold pieces.

Inventory:

Hand weapons
 a - a +0 long sword (weapon)
Armour
 b - a +0 scale mail
 c - a +0 shield (worn)
 o - a +1 helmet (worn)
 C - a +0 chain mail (worn)
Jewellery
 p - an uncursed ring of fire
Magical devices
 w - a wand of slowing (10)
 x - a wand of flame (0)
 y - a wand of random effects (10)
 D - a wand of confusion (19)
Scrolls
 f - 5 scrolls of remove curse {unknown}
 h - 9 scrolls of identify {unknown}
 k - 2 scrolls of fear {unknown}
 l - 2 scrolls of magic mapping {unknown}
 m - 2 scrolls of teleportation {unknown}
 n - 3 scrolls of recharging {unknown}
 v - a scroll of random uselessness {unknown}
 A - 2 scrolls of immolation {unknown}
Potions
 d - 2 potions of might
 g - 2 potions of restore abilities {unknown}
 i - a potion of beneficial mutation {unknown}
 s - a potion of resistance {unknown}
 t - a potion of magic {unknown}
 u - a potion of agility
 z - 2 potions of heal wounds {unknown}
 B - 2 potions of degeneration {unknown}
 G - a potion of mutation {unknown}
Books
 E - a book of Beasts

   Spells                             Type                      Level
   a - Summon Butterflies             Summoning                    1
   b - Call Canine Familiar           Summoning                    3
   c - Summon Ice Beast               Ice/Summoning                4
   d - Summon Mana Viper              Hexes/Summoning              5
   e - Monstrous Menagerie            Summoning                    6
   f - Summon Hydra                   Summoning                    7
Comestibles
 e - 4 bread rations
 j - a meat ration
 q - a beef jerky
 r - 3 fruits


   Skills:
 - Level 3.6 Fighting
 + Level 13.3 Long Blades
 - Level 3.2 Armour
 - Level 3.2 Shields


You had 8 spell levels left.
You didn't know any spells.

Dungeon Overview and Level Annotations

Branches:
Dungeon (6/15)             Temple (0/1) D:6

Altars:
Ashenzari
Cheibriados
Dithmenos
Fedhas
Nemelex Xobeh
Trog
Zin
The Shining One

Annotations:
D:3 Grinder, Sigmund


Innate Abilities, Weirdness & Mutations

You are partially covered in yellow scales (AC +2).
Armour fits poorly on your strangely shaped body.
You are frail (-10% HP).
Your magical capacity is low (-10% MP).


Message History

Use which ability? (? or * to list)
You don't have enough magic at the moment.
Unknown command.
Use which ability? (? or * to list)
Aiming: Smiting
Press: ? - help, Dir - move target cursor, f/p - orc warrior Smite: an orc warrior, wielding a battleaxe of chopping and wearing a plate armour (heavily wounded)
You smite the orc warrior!
The orc warrior is almost dead.
You feel somewhat more hungry.
You can no longer smite your foes.
You closely miss the orc warrior.
The orc warrior is almost dead.
The orc priest mumbles some strange prayers to Beogh against you.
Something smites you!
* * * LOW HITPOINT WARNING * * *
The orc warrior hits you with a battleaxe of chopping!
* * * LOW HITPOINT WARNING * * *
You die...
Beogh appreciates the orc warrior's killing of a heretic priest.

######.....# #.....#
## #.....# .. #.....#
#. #..(..# #. #.....#
#. #.....#
#.######...###..
#)..o.o@...........
#...#########........
#.. #######.. #. #


You could see an orc warrior and an orc priest.

Vanquished Creatures
  The ghost of nago the Poker, an experienced NaWn (D:5)
  The ghost of SosiskaBagetyon the Slasher, an average HOFi of Beogh (D:3)
  A sky beast (D:5)
  3 ogres
  2 ice beasts
  A phantom (D:3)
  2 eyes of draining (D:6)
  A centaur (D:5)
  A big kobold (D:6)
  A gnoll sergeant (D:5)
  2 giant frogs
  A scorpion (D:6)
  A crimson imp (D:5)
  3 hounds
  5 worker ants
  An iguana (D:6)
  3 orc priests
  Jessica (D:3)
  Natasha (thrice) (D:2)
  5 orc wizards
  2 hound skeletons (D:4)
  Robin (D:4)
  9 gnolls
  9 adders
  An ooze (D:2)
  4 worms
  2 giant geckos
  10 orcs
  2 bat skeletons
  8 giant cockroaches
  8 hobgoblins
  14 kobolds
  3 quokkas
  A ball python (D:3)
  17 bats
  2 giant newts
  A giant spore (D:6)
  12 goblins
  A quokka skeleton (D:5)
  18 rats
  5 ballistomycetes (D:6)
169 creatures vanquished.

Vanquished Creatures (others)
  An orc priest (D:4)
  A giant spore (D:6)
2 creatures vanquished.

Grand Total: 171 creatures vanquished

Notes
Turn   | Place    | Note
--------------------------------------------------------------
     0 | D:1      | SosiskaBagetyon, the Hill Orc Fighter, began the quest for the Orb.
     0 | D:1      | Reached XP level 1. HP: 19/19 MP: 1/1
    54 | D:1      | Reached XP level 2. HP: 19/26 MP: 2/2
   655 | D:1      | Reached XP level 3. HP: 31/31 MP: 3/3
   846 | D:2      | Reached skill level 4 in Long Blades
  1133 | D:2      | Noticed Natasha
  1153 | D:2      | Killed Natasha
  1153 | D:2      | Reached skill level 5 in Long Blades
  1153 | D:2      | Reached XP level 4. HP: 7/39 MP: 4/4
  1415 | D:2      | Found a glowing golden altar of the Shining One.
  1416 | D:2      | Found a sparkling altar of Nemelex Xobeh.
  1631 | D:2      | Found a glowing silver altar of Zin.
  1631 | D:2      | Noticed an angel
  1689 | D:2      | Noticed Natasha
  1701 | D:2      | Killed Natasha
  1923 | D:2      | Noticed Natasha
  1929 | D:2      | Killed Natasha
  2011 | D:3      | Found a blossoming altar of Fedhas.
  2065 | D:3      | Noticed SosiskaBagetyon's ghost (average HOFi)
  2085 | D:3      | Killed SosiskaBagetyon's ghost
  2085 | D:3      | Reached skill level 6 in Long Blades
  2085 | D:3      | Reached XP level 5. HP: 19/45 MP: 5/5
  2085 | D:3      | Reached XP level 6. HP: 21/51 MP: 6/6
  2263 | D:3      | Noticed Jessica
  2291 | D:3      | Killed Jessica
  2713 | D:3      | Reached skill level 7 in Long Blades
  2903 | D:3      | Noticed a phantom
  2936 | D:3      | Killed a phantom
  3216 | D:3      | Noticed Sigmund
  3217 | D:3      | Noticed Grinder
  3348 | D:4      | Reached XP level 7. HP: 57/57 MP: 7/7
  3358 | D:4      | Reached skill level 8 in Long Blades
  3793 | D:4      | Reached skill level 9 in Long Blades
  3795 | D:4      | Became a worshipper of Beogh the Brigand
  3802 | D:4      | Found a shattered altar of Ashenzari.
  3996 | D:4      | Noticed Robin
  4009 | D:4      | Killed Robin
  4110 | D:4      | Reached XP level 8. HP: 64/64 MP: 8/8
  4160 | D:4      | Found a shadowy altar of Dithmenos.
  4233 | D:4      | Found a snail-covered altar of Cheibriados.
  4260 | D:4      | Reached skill level 10 in Long Blades
  4551 | D:5      | Entered Level 5 of the Dungeon
  4639 | D:5      | Acquired Beogh's first power
  5003 | D:5      | Noticed nago's ghost (experienced NaWn)
  5039 | D:5      | Killed nago's ghost
  5039 | D:5      | Reached skill level 11 in Long Blades
  5740 | D:5      | Reached skill level 12 in Long Blades
  5740 | D:5      | Reached XP level 9. HP: 65/70 MP: 9/9
  6136 | D:5      | Gained mutation: You are partially covered in yellow scales (AC +2). [mutagenic meat]
  6137 | D:5      | Gained mutation: Your magical capacity is low (-10% MP). [mutagenic meat]
  6138 | D:5      | Gained mutation: Your muscles are strong. (Str +2) [mutagenic meat]
  6139 | D:5      | Gained mutation: Armour fits poorly on your strangely shaped body. [mutagenic meat]
  6140 | D:5      | Gained mutation: You are frail (-10% HP). [mutagenic meat]
  6141 | D:5      | Lost mutation: Your muscles are strong. (Str +2) [mutagenic meat]
  6504 | D:6      | Acquired Beogh's second power
  6575 | D:6      | Found a staircase to the Ecumenical Temple.
  6702 | D:6      | Found a bloodstained altar of Trog.
  6736 | D:6      | Reached skill level 13 in Long Blades
  6832 | D:6      | HP: 1/63 [orc warrior/battleaxe of chopping (11)]
  6832 | D:6      | Slain by an orc warrior

Action                   |  1- 3 |  4- 6 |  7- 9 || total
-------------------------+-------+-------+-------++-------
Melee: Long sword        |   125 |   192 |   541 ||   858
Invok: Convert to Beogh  |       |       |     1 ||     1
       Smiting           |       |       |     3 ||     3
Evoke: Wand              |       |     1 |     3 ||     4
  Eat: Chunk             |     1 |     7 |    13 ||    21
       Bread ration      |       |       |     1 ||     1
